cohdb
Replays
Latest Replays
All Replays
Popular Replays
Top Player Replays
Match Explorer
How It Works
Community
CoH3 Stats
Reddit
Sign in to upload your games and track your stats! →
Sign in with Steam
Match 35437463
Unlisted
Match 35437463
Overview
Messages
Build Orders
End
Construct Barracks
Scout Squad
Selects Special Operations Battlegroup
Riflemen Squad
Riflemen Squad
Riflemen Squad
Construct Medical Station
Infantry Support Center
Selects M29 Weasel with M1 Pack Howitzer
M1918 Browning Automatic Rifles
Riflemen Squad
Captain Retinue
Riflemen Squad
Selects M29 Weasel with M1 Pack Howitzer
Selects Raiding Flares
Survival Training
M29 Weasel with M1 Pack Howitzer
Selects SSF Commando Squad
Grenade Package
Selects SSF Commando Squad
Selects SSF Commando Squad
darkkillerman
Spitzenverdiener
Spartan-034-Silvio
Ω ℧ X Y Z
ValiantHawk
Ѧℓρɦɚ
0
0
Comments
sign in to comment!
No comments posted yet!